 Dungeon Crawl Stone Soup version 0.23-a0-136-g722f094 (webtiles) character file.

27 sw3dish the Skirmisher (level 2, -4/27 HPs)
             Began as a Minotaur Fighter on Aug 28, 2018.
             Slain by Terence
             ... wielding a +0 flail
              (5 damage)
             ... on level 2 of the Dungeon.
             The game lasted 00:00:56 (888 turns).

sw3dish the Skirmisher (Minotaur Fighter)            Turns: 888, Time: 00:00:56

Health: -4/27      AC:  7    Str: 20    XL:     2   Next: 93%
Magic:  1/1        EV:  7    Int:  5    God:
Gold:   98         SH:  9    Dex:  9    Spells: 1/1 levels left

rFire    . . .     SeeInvis .   a - +0 war axe
rCold    . . .     Gourm    .   c - +0 shield
rNeg     . . .     Faith    .   n - +0 scale mail (curse)
rPois    .         Spirit   .   (helmet restricted)
rElec    .         Reflect  .   (no cloak)
rCorr    .         Harm     .   (no gloves)
MR       .....                  (no boots)
Stlth    ..........             (no amulet)
HPRegen  0.09/turn              (no ring)
MPRegen  0.07/turn              (no ring)

@: no status effects
A: retaliatory headbutt, horns 2
a: no special abilities


You were on level 2 of the Dungeon.
You were not hungry.

You visited 1 branch of the dungeon, and saw 2 of its levels.

You collected 98 gold pieces.

Inventory:

Hand Weapons
 a - a +0 war axe (weapon)
Armour
 c - a +0 shield (worn)
 n - a cursed +0 scale mail (worn)
Jewellery
 h - a +4 ring of intelligence {unknown}
 i - an uncursed amulet of rage {unknown}
 m - an uncursed ring of protection from cold {unknown}
Scrolls
 e - a scroll of fog {unknown}
 j - a scroll of identify {unknown}
 k - 2 scrolls of fear {unknown}
Potions
 d - a potion of might
 g - a potion of curing {unknown}
 l - a potion of brilliance {unknown}
Comestibles
 f - 5 rations


   Skills:
 * Level 4.1 Fighting
 * Level 3.2 Axes
 + Level 3.9 Armour
 + Level 3.8 Shields


You had one spell level left.
You didn't know any spells.
Your spell library was empty.

Dungeon Overview and Level Annotations

Branches:
Dungeon (2/15)

Altars:

Annotations:
D:2 Terence


Innate Abilities, Weirdness & Mutations

You reflexively headbutt those who attack you in melee.
You have a pair of horns on your head.


Message History

You are too injured to fight recklessly!
You are too injured to fight recklessly!
You are too injured to fight recklessly!
You are too injured to fight recklessly!
You are too injured to fight recklessly!
You are too injured to fight recklessly!
You barely miss Terence.
Terence is moderately wounded.
Terence hits you with a flail.
* * * LOW HITPOINT WARNING * * *
Your scale mail prevents you from hitting Terence.
Terence is moderately wounded.
You block Terence's attack.
You hit Terence.
Terence is heavily wounded.
You block Terence's attack.
You barely miss Terence.
Terence is heavily wounded.
Terence hits you with a flail.
You die...

....#### ####..#
#.#### .#.## ##.#
#.# .### #.# #.# .#
#.# #.# .# #+####
#.. ..# .# #.#..
.## ###
.###########.#.# .
.##......[##.#.####
.##.#......†....@.#
.##.#.###..†...##@#
.##.#.# #.#....#
...
......###.##.#.#
####
###.......####...
######### #####


You could see Terence.

Vanquished Creatures
  A dart slug (D:1)
  2 leopard geckos (D:1)
  4 goblins (D:1)
  A quokka (D:2)
  5 bats
  A frilled lizard (D:2)
  4 kobolds
  4 rats
22 creatures vanquished.

Notes
Turn   | Place    | Note
-------+----------+-------------------------------------------
     0 | D:1      | sw3dish the Minotaur Fighter began the quest for the Orb.
     0 | D:1      | Reached XP level 1. HP: 19/19 MP: 0/0
   123 | D:1      | Reached XP level 2. HP: 25/27 MP: 1/1
   151 | D:1      | Reached skill level 4 in Fighting
   875 | D:2      | Noticed Terence
   885 | D:2      | HP: 1/27 [Terence/flail (6)]
   888 | D:2      | Slain by Terence

Vault maps used:
D:1:      matt_arrival_diagonals
D:2:      first_ration, dk_noncrumbling_2, uniq_terence

Skill      XL: |  1  2 |
---------------+-------+-----
Fighting       | 4 |  4.1
Axes           | 3 |  3.2
Armour         | |  3.9
Shields        | |  3.8

Action                   || total
-------------------------++-------
Melee: War axe           ||    81
       Headbutt          ||     9
Armor: Scale mail        ||    33
Dodge: Dodged            ||    27
Block: Shield            ||    46

Table legend:
 A = Non-vault XP
 B = Vault XP
 C = Vault XP percentage of total XP
 D = Non-vault monster count
 E = Vault monster count
 F = Vault count percentage of total count
                 A         B        C        D         E       F
            +---------+---------+-------+---------+---------+-------
      Total |      39 |       0 |   0.0 |      22 |       0 |   0.0
            +---------+---------+-------+---------+---------+-------
        D:1 |      32 |       0 |   0.0 |      17 |       0 |   0.0
        D:2 |       7 |       0 |   0.0 |       5 |       0 |   0.0
            +---------+---------+-------+---------+---------+-------
